 Dungeon Crawl Stone Soup version 0.23.2-1-ga50397a6bc (webtiles) character file.

Game seed: 15465229092626195508

554 Peloso the Shield-Bearer (level 7, -2/60 HPs)
             Began as a Minotaur Fighter on May 17, 2019.
             Slain by a troll (12 damage)
             ... on level 4 of the Dungeon.
             The game lasted 00:03:52 (2334 turns).

Peloso the Shield-Bearer (Minotaur Fighter)         Turns: 2334, Time: 00:03:53

Health: -2/60      AC:  7    Str: 21    XL:     7   Next: 8%
Magic:  6/6        EV:  9    Int:  5    God:
Gold:   113        SH: 10    Dex: 11    Spells: 6/6 levels left

rFire    . . .     SeeInvis .   a - +0 long sword
rCold    . . .     Gourm    .   c - +0 shield
rNeg     . . .     Faith    .   b - +0 scale mail
rPois    .         Spirit   .   (helmet restricted)
rElec    .         Reflect  .   (no cloak)
rCorr    .         Harm     .   (no gloves)
MR       .....                  (no boots)
Stlth    ..........             n - amulet of magic regeneration
HPRegen  0.20/turn              (no ring)
MPRegen  0.35/turn              (no ring)

@: no status effects
A: retaliatory headbutt, horns 2
a: no special abilities


You were on level 4 of the Dungeon.
You were hungry.

You visited 1 branch of the dungeon, and saw 4 of its levels.

You collected 113 gold pieces.

Inventory:

Hand Weapons
 a - a +0 long sword (weapon)
Armour
 b - a +0 scale mail (worn)
 c - a +0 shield (worn)
Jewellery
 g - an uncursed amulet of faith
 n - an amulet of magic regeneration (around neck)
Scrolls
 h - 2 scrolls of teleportation {unknown}
 i - a scroll of enchant armour {unknown}
 j - a scroll of immolation {unknown}
 k - 7 scrolls of identify {unknown}
 o - a scroll of blinking {unknown}
 p - 2 scrolls of noise {unknown}
Potions
 d - a potion of might
 e - a potion of flight {unknown}
 l - a potion of brilliance {unknown}
 m - a potion of magic {unknown}
 q - 5 potions of curing {unknown}
 r - 2 potions of mutation {unknown}
Comestibles
 f - 4 rations


   Skills:
 + Level 4.8 Fighting
 + Level 5.0 Long Blades
 + Level 5.8 Armour
 + Level 2.1 Dodging
 + Level 0.5 Stealth
 + Level 5.9 Shields


You had 6 spell levels left.
You didn't know any spells.
Your spell library contained the following spells:

 Spells                   Type           Power        Failure   Level  Hunger
 Magic Dart               Conj           #...         99%         1    ##.....
 Blink                    Tloc           N/A          100%        2    ###....
 Call Imp                 Summ           #.......     100%        2    ###....
 Slow                     Hex            #.......     100%        2    ###....
 Conjure Flame            Conj/Fire      #.......     100%        3    ####...
 Mephitic Cloud           Conj/Pois/Air  #.......     100%        3    ####...


Dungeon Overview and Level Annotations

Branches:
Dungeon (4/15)
 Temple: D:4-7

Altars:
Fedhas
Kikubaaqudgha
Qazlal


Innate Abilities, Weirdness & Mutations

You reflexively headbutt those who attack you in melee.
You have a pair of horns on your head.


Message History

The troll closely misses you. You furiously retaliate!
You headbutt the troll, but do no damage.
You riposte.
You barely miss the troll. Your headbutt misses the troll.
The troll is lightly wounded.
You block the troll's attack. The troll misses you.
You barely miss the troll.
The troll is lightly wounded.
The freed slave completely misses the troll.
You block the troll's attack. The troll closely misses you.
The troll claws you.
The freed slave closely misses the troll.
The troll bites you!
* * * LOW HITPOINT WARNING * * *
The troll claws you.
* * * LOW HITPOINT WARNING * * *
The troll completely misses you.
You hit the troll. Your headbutt misses the troll.
The troll is lightly wounded.
The troll bites you!
You die...

..### #....<..# ... ..## ##
#..##...####.. ## ...## ≈#
#..###....#.. #. .#..## #≈#
#..#........# #.
###..####≈###..... ###..# ##.
##..##.≈......p# ##..# #.#
##....≈..###..####...## ##.#
##....≈..###...##.....# ##.##
#....###..###@T#......####..#
##.##....(.≈#.p.......(##..##
#..###........÷............#
#..## #.....≈...............#
#.#. ##...≈≈.........#.....##
#...# #..≈.....#....##.>....#
#... #........#.......######
##.≈.....##.....##
#.......##....##


You could see a troll and 2 neutral freed slaves.

Vanquished Creatures
  Pikel (D:3)
  Natasha (D:2)
  3 gnolls (D:3)
  3 adders
  2 dart slugs
  3 leopard geckos
  An orc (D:3)
  6 bats
  2 giant cockroaches
  4 goblins
  9 hobgoblins
  3 quokkas (D:3)
  4 frilled lizards
  7 kobolds
  3 rats
52 creatures vanquished.

Notes
Turn   | Place    | Note
-------+----------+-------------------------------------------
     0 | D:1      | Peloso the Minotaur Fighter began the quest for the Orb.
     0 | D:1      | Reached XP level 1. HP: 19/19 MP: 0/0
   208 | D:1      | Reached XP level 2. HP: 22/27 MP: 1/1
   815 | D:2      | Reached XP level 3. HP: 33/33 MP: 2/2
  1331 | D:2      | Noticed Natasha
  1339 | D:2      | Killed Natasha
  1339 | D:2      | Reached XP level 4. HP: 28/40 MP: 3/3
  1396 | D:3      | Found a blossoming altar of Fedhas.
  1397 | D:3      | Found a stormy altar of Qazlal.
  1433 | D:3      | Found an ancient bone altar of Kikubaaqudgha.
  1877 | D:3      | Reached XP level 5. HP: 46/46 MP: 4/4
  2089 | D:4      | Noticed a slave
  2090 | D:4      | Noticed a slave
  2090 | D:4      | Noticed a slave
  2090 | D:4      | Noticed Pikel
  2091 | D:4      | Noticed a troll
  2092 | D:4      | Noticed a slave
  2130 | D:3      | Killed Pikel
  2130 | D:3      | Reached skill level 5 in Long Blades
  2130 | D:3      | Reached skill level 5 in Armour
  2130 | D:3      | Reached skill level 5 in Shields
  2130 | D:3      | Reached XP level 6. HP: 20/55 MP: 5/5
  2130 | D:3      | Reached XP level 7. HP: 22/60 MP: 6/6
  2334 | D:4      | Slain by a troll

Skill      XL: |  1  2  3  4  5 |
---------------+----------------+-----
Armour         | 4 5 |  5.8
Shields        | 4 5 |  5.9
Long Blades    | 3 5 |  5.0
Fighting       | 4 |  4.8
Dodging        | 2 |  2.1
Stealth        | |  0.5

Action                   |  1- 3 |  4- 6 |  7- 9 || total
-------------------------+-------+-------+-------++-------
Melee: Long sword        |    82 |    73 |     6 ||   161
       Headbutt          |    12 |    15 |       ||    27
  Eat: Chunk             |     1 |     3 |       ||     4
Armor: Scale mail        |    51 |    27 |     2 ||    80
Dodge: Dodged            |    22 |    30 |     7 ||    59
Block: Shield            |    47 |    39 |     6 ||    92
       Rpst.: Long sword |     6 |     8 |     1 ||    15
